Workbook
Name \0: #REF!
Name \00: #REF!
Name \a: #REF!
Name \a: #REF!
Name \AA: [1]LIQUIDACION!#REF!
Name \b: [2]STRSUMM0!#REF!
Name \bb: [2]STRSUMM0!#REF!
Name \E: #REF!
Name \EE: #REF!
Name \G: #REF!
Name \k: '[3]7422CW00'!#REF!
Name \l: [4]STRSUMM0!#REF!
Name \M: #REF!
Name \ñ: '[5]7422CW00'!#REF!
Name \P: #REF!
Name \R: #REF!
Name \s: #REF!
Name \s: #REF!
Name \V: #REF!
Name \X: '1.1'!ERR
Name \X: [0]!ERR
Name \Z: '1.1'!ERR
Name \Z: [0]!ERR
Name _________AFC1: [6]INV!$A$25:$D$28
Name _________AFC3: [6]INV!$F$25:$I$28
Name _________AFC5: [6]INV!$K$25:$N$28
Name _________BGC1: [6]INV!$A$5:$D$8
Name _________BGC3: [6]INV!$F$5:$I$8
Name _________BGC5: [6]INV!$K$5:$N$8
Name _________CAC1: [6]INV!$A$19:$D$22
Name _________CAC3: [6]INV!$F$19:$I$22
Name _________CAC5: [6]INV!$K$19:$N$22
Name _________PJ50: #REF!
Name _________PJ50: #REF!
Name _________SBC1: [6]INV!$A$12:$D$15
Name _________SBC3: [6]INV!$F$12:$I$15
Name _________SBC5: [6]INV!$K$12:$N$15
Name ________AFC1: [6]INV!$A$25:$D$28
Name ________AFC3: [6]INV!$F$25:$I$28
Name ________AFC5: [6]INV!$K$25:$N$28
Name ________BGC1: [6]INV!$A$5:$D$8
Name ________BGC3: [6]INV!$F$5:$I$8
Name ________BGC5: [6]INV!$K$5:$N$8
Name ________CAC1: [6]INV!$A$19:$D$22
Name ________CAC3: [6]INV!$F$19:$I$22
Name ________CAC5: [6]INV!$K$19:$N$22
Name ________MA2: #REF!
Name ________MA2: #REF!
Name ________PJ50: #REF!
Name ________PJ50: #REF!
Name ________SBC1: [6]INV!$A$12:$D$15
Name ________SBC3: [6]INV!$F$12:$I$15
Name ________SBC5: [6]INV!$K$12:$N$15
Name _______AFC1: [6]INV!$A$25:$D$28
Name _______AFC3: [6]INV!$F$25:$I$28
Name _______AFC5: [6]INV!$K$25:$N$28
Name _______BGC1: [6]INV!$A$5:$D$8
Name _______BGC3: [6]INV!$F$5:$I$8
Name _______BGC5: [6]INV!$K$5:$N$8
Name _______CAC1: [6]INV!$A$19:$D$22

Sheet AIU
A1: SECRETARÍA DE PLANEACION, INFRAESTRUCTURA Y MEDIO AMBIENTE
A2: DIRECCION ADMINISTRATIVA DE INFRAESTRUCTURA
A3: ESPINAL -TOLIMA
A4: NIT. 890.702.027-0
A5: Versión: 02 | B5: Fecha: 12/08/2024 | F5: Página: 1 de 1
A6: CÁLCULO DE AIU
A7: =[115]PRESUPUESTO!A6 -> OBJETO: Mantenimiento y recuperación de la malla vial urbana del municipio del espinal departamento del Tolima
B8: SUBTOTAL OBRAS (SIN AIU) | G8: =[115]PRESUPUESTO!F22 -> 3238431082
B9: ADMINISTRACIÓN | F9: 0.28 | G9: =ROUND(G8*F9,0) -> 906760703
B10: IMPREVISTOS | F10: 0.01 | G10: =ROUND(G8*F10,0) -> 32384311
B11: UTILIDAD | F11: 0.05 | G11: =ROUND(G8*F11,0) -> 161921554
B12: SUBTOTAL AIU | G12: =G9+G10+G11 -> 1101066568
B13: TOTAL | G13: =G8+G12 -> 4339497650
B14: PRESUPUESTO TOTAL | G14: =G13 -> 4339497650
A15: COSTOS DE PERSONAL
A16: CANT. | B16: CARGO / OFICIO | C16: DEDICACIÓN | D16: TOPE | E16: DURACIÓN | F16: FACTOR PRESTACIONAL | G16: VALOR
C17: MES | D17: SALARIO | E17: (Meses) | G17: PARCIAL ($)
A18: -1 | C18: -2 | D18: -3 | E18: -4 | F18: -5 | G18: (1)*(2)*(3)*(4)*(5)
A19: COSTOS DE PERSONAL | D19: DURACIÓN : | F19: MESES | G19: 22494170
B20: PERSONAL PROFESIONAL
A21: 1 | B21: DIRECTOR DE OBRA | C21: 0.5 | D21: 4500000 | E21: 10 | F21: 1.85 | G21: =+C21*D21*E21*F21 -> 41625000
A22: 2 | B22: RESIDENTE DE OBRA | C22: 1 | D22: 3500000 | E22: 10 | F22: 1.85 | G22: =+C22*D22*E22*F22 -> 64750000
A23: 3 | B23: SISO | C23: 1 | D23: 3500000 | E23: 10 | F23: 1.85 | G23: =+C23*D23*E23*F23 -> 64750000
A26: TOTAL COSTOS DE PERSONAL | D26: DURACIÓN : | E26: =E21 -> 10 | F26: MESES | G26: =G21+G22+G23 -> 171125000
A27: PORCENTAJE DEL SUBTOTAL DE OBRAS (SIN AIU) | F27: =+G8 -> 3238431082 | G27: =G26/F27 -> 0.052841946
A29: GASTOS OPERACIONALES
A30: CANT. | B30: CONCEPTO | D30: UNIDAD | E30: COSTO | F30: UTILIZACION (MES) | G30: VALOR PARCIAL
A31: -7 | E31: -8 | F31: -9 | G31: (7)*(8)*(9) = (10)
A32: 1 | B32: VALLA INFORMATIVA | D32: UND | E32: 1200000 | F32: 10 | G32: =+F32*E32 -> 12000000
A33: 1 | B33: ELABORACION DE INFORMES Y ACTAS | D33: UND | E33: 500000 | F33: 10 | G33: =+F33*E33 -> 5000000
A34: 1 | B34: ENSAYOS DE LABORATORIO | D34: UND | E34: 1000000 | F34: 10 | G34: =+F34*E34 -> 10000000
B35: SEGURIDAD INDUSTRIAL | D35: UND | E35: 959683.58 | F35: 10 | G35: =+F35*E35 -> 9596835.8
B36: DISEÑO DE MEZCLAS | D36: UND | E36: 350000 | F36: 10 | G36: =+F36*E36 -> 3500000
A37: 1 | G37: =+F37*E37 -> 0
A39: TOTAL GASTOS OPERACIONALES | D39: DURACIÓN : | F39: MESES | G39: =SUM(G32:G38) -> 40096836
A40: PORCENTAJE DEL SUBTOTAL DE OBRAS (SIN AIU) | F40: =+F27 -> 3238431082 | G40: =+G39/F40 -> 0.012381562
A41: GASTOS INDIRECTOS
A42: CANT. | B42: CONCEPTO | D42: UNIDAD | E42: COSTO | F42: UTILIZACION (MES) | G42: VALOR PARCIAL
A43: -11 | E43: -12 | F43: -13 | G43: (11)*(12)*(13) = (14)
G44: 0
A46: TOTAL GASTOS INDIRECTOS | D46: DURACIÓN : | F46: MESES | G46: 0
A47: PORCENTAJE DEL SUBTOTAL DE OBRAS (SIN AIU) | F47: =F40 -> 3238431082 | G47: 0
A48: GARANTÍAS Y OTROS GASTOS DEL CONTRATO
A49: CANT. | B49: CONCEPTO | E49: COSTO | F49: UTILIZACION | G49: VALOR PARCIAL
A50: -15 | E50: -16 | F50: -17 | G50: (15)*(16)*(17) = (18)
A51: 1 | B51: TASA PRO-DEPORTE Y RECREACIÓN | E51: =+G8 -> 3238431082 | F51: 0.025 | G51: =ROUND(E51*F51,0) -> 80960777
A52: 2 | B52: ESTAMPILLA PARA LA JUSTICIA FAMILIAR | E52: =+E51 -> 3238431082 | F52: 0.02 | G52: =ROUND(E52*F52,0) -> 64768622
A53: 3 | B53: ESTAMPILLAS PROCULTURA | E53: =+E51 -> 3238431082 | F53: 0.02 | G53: =ROUND(E53*F53,0) -> 64768622
A54: 4 | B54: ESTAMPILLAS PROADULTO | E54: =+E51 -> 3238431082 | F54: 0.04 | G54: =ROUND(E54*F54,0) -> 129537243
A55: 5 | B55: FONDO SEGURIDAD | E55: =+E51 -> 3238431082 | F55: 0.05 | G55: =ROUND(E55*F55,0) -> 161921554
A56: 6 | B56: RTE FTE | E56: =+E51 -> 3238431082 | F56: 0.02 | G56: =ROUND(E56*F56,0) -> 64768622
A57: 7 | B57: RTE ICA | E57: =+E51 -> 3238431082 | F57: 0.0006 | G57: =ROUND(E57*F57,0) -> 1943059
A58: 8 | B58: POLIZAS | E58: =+E51 -> 3238431082 | F58: 0.0392 | G58: =ROUND(E58*F58,0) -> 126946498
A59: TOTAL GARANTÍAS Y OTROS GASTOS DEL CONTRATO | D59: DURACIÓN : | E59: 10 | F59: MESES | G59: =G51+G52+G53+G54+G55+G56+G57+G58 -> 695614997
A60: PORCENTAJE DEL SUBTOTAL DE OBRAS (SIN AIU) | F60: =+E58 -> 3238431082 | G60: =G59/F60 -> 0.2148
A62: A. ADMINISTRACIÓN | G62: =G27+G40+G47+G60 -> 0.28002351
A63: I. IMPREVISTOS | G63: 0.01
A64: U. UTILIDAD | G64: 0.05
A65: A.I.U. (ADMINISTRACIÓN, IMPREVISTOS Y UTILIDAD) | G65: =G62+G63+G64 -> 0.34002351
A69: RICARDO JOSE GUTIERREZ PARRA
A70: Director Administrativo de infraestructura
A73: Proyectó: Ing. Jhon Eddisson Tamayo Restrepo/Contratista DAI
A74: Revisó: : Ing. Ricardo Jose Gutiérrez Parra/Director Administrativo de Infraestructura
A75: Aprobó: Arq. Juan Felipe Lozano Baron/ SPIM
G76: Cra. 6 No. 8 – 07 Palacio Municipal. El Espinal, Tolima.
G77: Conmutador: (+57 608) 2390314
G78: Línea de Servicio a la Ciudadanía: (+57) 018000919748
G79: línea anticorrupción: (+57) 018000919748
G80: contactenos@elespinal-tolima.gov.co
G81: www.elespinal-tolima.gov.co

Sheet PRESUPUESTO OFICIAL 
C3: Formulario 1 - Propuesta económica - Documento tipo de licitación de obra pública de infraestructura de transporte - versión 4
C4: Código | D4: CCE-EICP-FM-14 | E4: Versión | F4: 4
C5: FORMULARIO 1
C6: PRESUPUESTO OFICIAL
C7: [La entidad puede utilizar este formulario de detalle del presupuesto oficial para determinar las condiciones bajo las cuales los proponentes analizarán y presentarán su propuesta económica de forma detallada, sin perjuicio que la entidad pueda modificarlo o establecer la presentación de la oferta económica con un formulario distinto al indicado.]
C9: Adicionalmente, cuando el proceso de contratación es estructurado por precios unitarios, la Entidad debe aplicar las notas 1, 2 y 3 del presente formulario y las casillas de "Descripción", "Porcentaje" de la Administración, Imprevisto, Utilidad y total A.I.U. resaltadas en color amarillo. Tratándose de otras modalidades de precio, la Entidad puede o no configurar los mismos aspectos.
C11: Nº | D11: ÍTEM DE PAGO | E11: ESPECIFICACIONES | G11: DESCRIPCIÓN | H11: UND. | I11: CANTIDAD | J11: VALOR UNITARIO | K11: VALOR TOTAL
E12: GENERAL | F12: PARTICULAR
E13: 1 | G13: PRELIMINARES
C14: 1.1 | E14: ITEM EXTERNO | G14: LOCALIZACIÓN Y REPLANTEO CON ELEMENTOS DE PRECISIÓN | H14: M2 | I14: 16905.67 | J14: 5745 | K14: =ROUND(I14*J14,0) -> 97123074
C15: 1.2 | E15: ITEM 1.28 ICCU CONS | G15: DEMOLICIÓN PLACA PISO 0.20M, INCLUYE RETIRO | H15: M2 | I15: 3593.23 | J15: ='1.2'!O57 -> 60100 | K15: =ROUND(I15*J15,0) -> 215953123
C16: 1.3 | E16: ITEM 16.2 ICCU CONS | G16: EXCAVACIONES VARIAS A MÁQUINA SIN CLASIFICAR (INCLUYE RETIRO DE SOBRANTES A UNA DISTANCIA MENOR DE 5 KM | H16: M3 | I16: 10143.4 | J16: ='1.3'!O58 -> 21896 | K16: =ROUND(I16*J16,0) -> 222099886
C17: Subtotal | K17: =SUM(K14:K16) -> 535176083
E18: 2 | G18: CONFORMACION ESTRUCTURA PAVIMENTO
C19: 2.1 | E19: ITEM 3.2 ICCU VIAS | G19: SUBBASE GRANULAR (NORMA INVIAS 320) | H19: M3 | I19: 5071.7 | J19: ='2.1'!O61 -> 118890 | K19: =ROUND(I19*J19,0) -> 602974413
C20: 2.2 | E20: ITEM 3.3 ICCU VIAS | G20: BASE GRANULAR (NORMA INVIAS 330) | H20: M3 | I20: 3381.13 | J20: ='2.2'!O61 -> 131716 | K20: =ROUND(I20*J20,0) -> 445348919
C21: 2.3 | E21: ITEM 3.10 ICCU VIAS | G21: MEZCLA DENSA EN CALIENTE TIPO MDC-19 (INCLUYE CEMENTO ASFÁLTICO) | H21: M3 | I21: 1267.92 | J21: ='2.3'!O61 -> 1129515 | K21: =ROUND(I21*J21,0) -> 1432134659
C22: 2.4 | E22: ITEM 3.5 ICCU VIAS | G22: RIEGO DE IMPRIMACIÓN | H22: M2 | I22: 16905.67 | J22: ='2.4'!O58 -> 6334 | K22: =ROUND(I22*J22,0) -> 107080514
C23: 2.5 | E23: ITEM 6.1 ICCU VIAS | G23: CONFORMACIÓN DE LA CALZADA EXISTENTE | H23: M2 | I23: 16905.67 | J23: ='2.5'!O58 -> 1220 | K23: =ROUND(I23*J23,0) -> 20624917
C24: Subtotal | K24: =SUM(K19:K23) -> 2608163422
E25: 3 | G25: URBANISMO
C26: 3.1 | E26: ITEM 5.3 ICCU URBANISMO | G26: ANDÉN CONCRETO 2500 PSI EN SITIO E=0.1M | H26: M2 | I26: 367.2 | J26: ='3.1'!O59 -> 80258 | K26: =ROUND(I26*J26,0) -> 29470738
C27: 3.2 | E27: ITEM 4.23 ICCU CONS | G27: REFUERZO MALLA ELECTROSOLDADA | H27: M2 | I27: 367.2 | J27: ='3.2'!O58 -> 11220 | K27: =ROUND(I27*J27,0) -> 4119984
C28: 3.3 | E28: ITEM 5.13 ICCU URBANISMO | G28: SARDINEL FUNDIDO IN-SITU H=0.2M, E=0.2M,CONCRETO DE 3000 PSI | H28: ML | I28: 1206.7273 | J28: ='3.3'!O59 -> 50965 | K28: =ROUND(I28*J28,0) -> 61500855
C29: Subtotal | K29: =SUM(K26:K28) -> 95091577
C30: SUBTOTAL OBRAS | K30: =K29+K24+K17 -> 3238431082
G32: TOTAL COSTOS DIRECTOS | K32: =K30 -> 3238431082
G33: ADMINISTRACION | H33: 0.28 | K33: =ROUND(K32*H33,0) -> 906760703
G34: IMREVISTOS | H34: 0.01 | K34: =ROUND(K32*H34,0) -> 32384311
G35: UTILIDAD | H35: 0.05 | K35: =ROUND(K32*H35,0) -> 161921554
G36: VALOR TOTAL OBRA | K36: =K32+K33+K34+K35 -> 4339497650
C39: NOTA 1: Se debe tener en cuenta que el PRECIO UNITARIO incluye el valor de A.I.U. | H39: DESCRIPCION | K39: PORCENTAJE
C40: NOTA 2: Cuando la fracción decimal del peso sea igual o superior a 5 se aproximará por exceso al número entero siguiente del peso y cuando la fracción decimal del peso sea inferior a 5 se aproximará por defecto al número entero del peso. | H40: ADMINISTRACIÓN | J40: A= | K40: 0.28
C41: NOTA 3: El A.I.U y su discriminación deben estar en porcentaje (%). | H41: IMPREVISTO | J41: I= | K41: 0.01
H42: UTILIDAD | J42: U= | K42: 0.05
H43: TOTAL A.I.U | J43: A.I.U.= | K43: 0.34

Sheet OFERTA ECONOMICA
C3: Formulario 1 - Propuesta económica - Documento tipo de licitación de obra pública de infraestructura de transporte - versión 4
C4: Código | D4: CCE-EICP-FM-14 | E4: Versión | F4: 4
C5: FORMULARIO 1
C6: PRESUPUESTO OFICIAL
C7: [La entidad puede utilizar este formulario de detalle del presupuesto oficial para determinar las condiciones bajo las cuales los proponentes analizarán y presentarán su propuesta económica de forma detallada, sin perjuicio que la entidad pueda modificarlo o establecer la presentación de la oferta económica con un formulario distinto al indicado.]
C9: Adicionalmente, cuando el proceso de contratación es estructurado por precios unitarios, la Entidad debe aplicar las notas 1, 2 y 3 del presente formulario y las casillas de "Descripción", "Porcentaje" de la Administración, Imprevisto, Utilidad y total A.I.U. resaltadas en color amarillo. Tratándose de otras modalidades de precio, la Entidad puede o no configurar los mismos aspectos.
C11: Nº | D11: ÍTEM DE PAGO | E11: ESPECIFICACIONES | G11: DESCRIPCIÓN | H11: UND. | I11: CANTIDAD | J11: VALOR UNITARIO | K11: VALOR TOTAL
E12: GENERAL | F12: PARTICULAR
E13: 1 | G13: PRELIMINARES
C14: 1.1 | E14: ITEM EXTERNO | G14: LOCALIZACIÓN Y REPLANTEO CON ELEMENTOS DE PRECISIÓN | H14: M2 | I14: 16905.67 | K14: =ROUND(I14*J14,0) -> 0
C15: 1.2 | E15: ITEM 1.28 ICCU CONS | G15: DEMOLICIÓN PLACA PISO 0.20M, INCLUYE RETIRO | H15: M2 | I15: 3593.23 | K15: =ROUND(I15*J15,0) -> 0
C16: 1.3 | E16: ITEM 16.2 ICCU CONS | G16: EXCAVACIONES VARIAS A MÁQUINA SIN CLASIFICAR (INCLUYE RETIRO DE SOBRANTES A UNA DISTANCIA MENOR DE 5 KM | H16: M3 | I16: 10143.4 | K16: =ROUND(I16*J16,0) -> 0
C17: Subtotal | K17: =SUM(K14:K16) -> 0
E18: 2 | G18: CONFORMACION ESTRUCTURA PAVIMENTO
C19: 2.1 | E19: ITEM 3.2 ICCU VIAS | G19: SUBBASE GRANULAR (NORMA INVIAS 320) | H19: M3 | I19: 5071.7 | K19: =ROUND(I19*J19,0) -> 0
C20: 2.2 | E20: ITEM 3.3 ICCU VIAS | G20: BASE GRANULAR (NORMA INVIAS 330) | H20: M3 | I20: 3381.13 | K20: =ROUND(I20*J20,0) -> 0
C21: 2.3 | E21: ITEM 3.10 ICCU VIAS | G21: MEZCLA DENSA EN CALIENTE TIPO MDC-19 (INCLUYE CEMENTO ASFÁLTICO) | H21: M3 | I21: 1267.92 | K21: =ROUND(I21*J21,0) -> 0
C22: 2.4 | E22: ITEM 3.5 ICCU VIAS | G22: RIEGO DE IMPRIMACIÓN | H22: M2 | I22: 16905.67 | K22: =ROUND(I22*J22,0) -> 0
C23: 2.5 | E23: ITEM 6.1 ICCU VIAS | G23: CONFORMACIÓN DE LA CALZADA EXISTENTE | H23: M2 | I23: 16905.67 | K23: =ROUND(I23*J23,0) -> 0
C24: Subtotal | K24: =SUM(K19:K23) -> 0
E25: 3 | G25: URBANISMO
C26: 3.1 | E26: ITEM 5.3 ICCU URBANISMO | G26: ANDÉN CONCRETO 2500 PSI EN SITIO E=0.1M | H26: M2 | I26: 367.2 | K26: =ROUND(I26*J26,0) -> 0
C27: 3.2 | E27: ITEM 4.23 ICCU CONS | G27: REFUERZO MALLA ELECTROSOLDADA | H27: M2 | I27: 367.2 | K27: =ROUND(I27*J27,0) -> 0
C28: 3.3 | E28: ITEM 5.13 ICCU URBANISMO | G28: SARDINEL FUNDIDO IN-SITU H=0.2M, E=0.2M,CONCRETO DE 3000 PSI | H28: ML | I28: 1206.7273 | K28: =ROUND(I28*J28,0) -> 0
C29: Subtotal | K29: =SUM(K26:K28) -> 0
C30: SUBTOTAL OBRAS | K30: =K29+K24+K17 -> 0
G32: TOTAL COSTOS DIRECTOS | K32: =K30 -> 0
G33: ADMINISTRACION | H33: 0.28 | K33: =ROUND(K32*H33,0) -> 0
G34: IMREVISTOS | H34: 0.01 | K34: =ROUND(K32*H34,0) -> 0
G35: UTILIDAD | H35: 0.05 | K35: =ROUND(K32*H35,0) -> 0
G36: VALOR TOTAL OBRA | K36: =K32+K33+K34+K35 -> 0
C39: NOTA 1: Se debe tener en cuenta que el PRECIO UNITARIO incluye el valor de A.I.U. | H39: DESCRIPCION | K39: PORCENTAJE
C40: NOTA 2: Cuando la fracción decimal del peso sea igual o superior a 5 se aproximará por exceso al número entero siguiente del peso y cuando la fracción decimal del peso sea inferior a 5 se aproximará por defecto al número entero del peso. | H40: ADMINISTRACIÓN | J40: A= | K40: 0.28
C41: NOTA 3: El A.I.U y su discriminación deben estar en porcentaje (%). | H41: IMPREVISTO | J41: I= | K41: 0.01
H42: UTILIDAD | J42: U= | K42: 0.05
H43: TOTAL A.I.U | J43: A.I.U.= | K43: 0.34

Sheet 1.1
C3: Formulario 1 - Propuesta económica - Documento tipo de licitación de obra pública de infraestructura de transporte - versión 4
C4: Código | D4: CCE-EICP-FM-14 | E4: Versión | F4: 4
C6: [La entidad podrá utilizar este formato para la presentación de los análisis de precios unitarios del contratista en la oportunidad prevista en el numeral 8.1. del Documento Base]
D9: ALCALDIA DE EL ESPINAL
L10: VERSIÓN
D11: [NÚMERO DEL PROCESO]
L12: PÁGINA | M12: 1 | N12: DE | O12: 1
D14: ANALISIS DE PRECIOS UNITARIOS
L16: FECHA | M16: DD | N16: MM | O16: AA
C18: ÍTEMS DE LA PROPUESTA ECONÓMICA | I18: ÍTEMS NO PREVISTOS
C22: DATOS ESPECÍFICOS
C24: ÍTEM | D24: DESCRIPCIÓN | M24: UNIDAD | O24: CANTIDAD
C25: ='OFERTA ECONOMICA'!C14 -> 1.1 | D25: ='OFERTA ECONOMICA'!G14 -> LOCALIZACIÓN Y REPLANTEO CON ELEMENTOS DE PRECISIÓN | M25: ='OFERTA ECONOMICA'!H14 -> M2 | O25: ='OFERTA ECONOMICA'!I14 -> 16905.67
C26: I. EQUIPO
C29: DESCRIPCIÓN | H29: MARCA | J29: TIPO | L29: TARIFA/HORA | M29: RENDIMIENTO | O29: Vr. UNITARIO
C30: ESTACIÓN DE TOPOGRAFÍA | J30: D | L30: 168122 | M30: 200 | O30: =L30/M30 -> 840.61
C31: HERRAMIENTA MENOR | J31: GL | L31: 190.21 | M31: 1 | O31: =L31/M31 -> 190.21
C33: SUBTOTAL $ | O33: =SUM(O30:O32) -> 1030.82
C34: II. MATERIALES
C37: DESCRIPCIÓN | K37: UNIDAD | L37: CANTIDAD | M37: PRECIO UNIT. | O37: Vr. UNITARIO
C38: DURMIENTE ORDINARIO | K38: ML | L38: 0.1 | M38: 3457 | O38: =L38*M38 -> 345.7
C39: PUNTILLA CON CABEZA 2" | K39: LB | L39: 0.05 | M39: 6758 | O39: =L39*M39 -> 337.9
C40: ESTACA DE MADERA | K40: UN | L40: 0.4 | M40: 565 | O40: =L40*M40 -> 226
C41: SUBTOTAL $ | O41: =SUM(O38:O40) -> 909.6
C42: III. TRANSPORTES
C45: MATERIAL | J45: VOL. o PESO | K45: DISTANCIA | L45: M3 o Ton/Km | M45: TARIFA | O45: Vr. UNITARIO
C48: SUBTOTAL $
C49: IV. MANO DE OBRA
C52: TRABAJADOR | J52: JORNAL | K52: PRESTACIONES | L52: JORNAL TOTAL | M52: RENDIMIENTO | O52: Vr. UNITARIO
C53: TOPOGRAFO | J53: 205905.6 | K53: 2 | L53: =J53*K53 -> 411811.2 | M53: 200 | O53: =L53/M53 -> 2059.056
C54: CADENERO | J54: 98634.9 | K54: 2 | L54: =J54*K54 -> 197269.8 | M54: 200 | O54: =L54/M54 -> 986.349
C55: AYUDANTE (1) AA | J55: 75873 | K55: 2 | L55: =J55*K55 -> 151746 | M55: 200 | O55: =L55/M55 -> 758.73
C57: SUBTOTAL $ | O57: =SUM(O53:O56) -> 3804.135
C59: TOTAL COSTO DIRECTO $
C60: V. COSTOS INDIRECTOS
C63: Descripción | L63: Porcentaje | M63: Valor Total
C64: ADMINISTRACION
C65: IMPREVISTOS
C66: UTILIDAD
C67: SUBTOTAL $
C69: Precio Unitario Total Aproximado al peso $
H73: Firma
H74: Nombre:
H75: Representante Legal del Contratista o su Apoderado
H76: Matricula No. :
C78: OBSERVACIONES INTERVENTORÍA
C82: APROBACIÓN POR INTERVENTORÍA
C83: Nota 1: Cuando se trate de Análisis de precios unitarios correspondientes a ítems de la propuesta económica aprobada, el Interventor aprueba el desglose de los componentes manteniendo el mismo precio unitario de cada ítem, cumpliendo con las especificaciones de construcción vigentes para el proyecto.
C85: Nota 2: Cuando se trate de Análisis de precios unitarios de ítems no previstos, el Interventor aprueba el desglose y precio unitario de cada ítem no previsto, exigiendo la aplicación de los costos correspondientes a insumos y tarifas de la propuesta económica inicial cuando estén contemplados, cumpliendo con las especificaciones de construcción vigente para el proyecto.
H88: Firma
H89: Nombre:
H90: Representante Legal del Interventor o su Apoderado
H91: Matricula No. :

Sheet 1.2
C3: Formulario 1 - Propuesta económica - Documento tipo de licitación de obra pública de infraestructura de transporte - versión 4
C4: Código | D4: CCE-EICP-FM-14 | E4: Versión | F4: 4
C6: [La entidad podrá utilizar este formato para la presentación de los análisis de precios unitarios del contratista en la oportunidad prevista en el numeral 8.1. del Documento Base]
D9: ALCALDIA DE EL ESPINAL
L10: VERSIÓN
D11: [NÚMERO DEL PROCESO]
L12: PÁGINA | M12: 1 | N12: DE | O12: 1
D14: ANALISIS DE PRECIOS UNITARIOS
L16: FECHA | M16: DD | N16: MM | O16: AA
C18: ÍTEMS DE LA PROPUESTA ECONÓMICA | I18: ÍTEMS NO PREVISTOS
C22: DATOS ESPECÍFICOS
C24: ÍTEM | D24: DESCRIPCIÓN | M24: UNIDAD | O24: CANTIDAD
C25: ='OFERTA ECONOMICA'!C15 -> 1.2 | D25: ='OFERTA ECONOMICA'!G15 -> DEMOLICIÓN PLACA PISO 0.20M, INCLUYE RETIRO | M25: ='OFERTA ECONOMICA'!H15 -> M2 | O25: ='OFERTA ECONOMICA'!I15 -> 3593.23
C26: I. EQUIPO
C29: DESCRIPCIÓN | H29: MARCA | J29: TIPO | L29: TARIFA/HORA | M29: RENDIMIENTO | O29: Vr. UNITARIO
C30: VOLQUETA M3 | J30: H | L30: 83867 | M30: 12 | O30: =L30/M30 -> 6988.9167
C31: HERRAMIENTA MENOR | J31: GL | L31: 2529.08 | M31: 1 | O31: =L31/M31 -> 2529.08
C33: SUBTOTAL $ | O33: =SUM(O30:O32) -> 9517.9967
C34: II. MATERIALES
C37: DESCRIPCIÓN | K37: UNIDAD | L37: CANTIDAD | M37: PRECIO UNIT. | O37: Vr. UNITARIO
C41: SUBTOTAL $ | O41: =SUM(O38:O40) -> 0
C42: III. TRANSPORTES
C45: MATERIAL | J45: VOL. o PESO | K45: DISTANCIA | L45: M3 o Ton/Km | M45: TARIFA | O45: Vr. UNITARIO
C48: SUBTOTAL $
C49: IV. MANO DE OBRA
C52: TRABAJADOR | J52: JORNAL | K52: PRESTACIONES | L52: JORNAL TOTAL | M52: RENDIMIENTO | O52: Vr. UNITARIO
C53: AYUDANTE (2) AA | J53: 151745 | K53: 2 | L53: =J53*K53 -> 303490 | M53: 6 | O53: =L53/M53 -> 50581.667
C55: SUBTOTAL $ | O55: =SUM(O53:O54) -> 50581.667
C57: TOTAL COSTO DIRECTO $ | O57: =ROUND(+O55+O33,0) -> 60100
C58: V. COSTOS INDIRECTOS
C61: Descripción | L61: Porcentaje | M61: Valor Total
C62: ADMINISTRACION
C63: IMPREVISTOS
C64: UTILIDAD
C65: SUBTOTAL $
C67: Precio Unitario Total Aproximado al peso $
H71: Firma
H72: Nombre:
H73: Representante Legal del Contratista o su Apoderado
H74: Matricula No. :
C76: OBSERVACIONES INTERVENTORÍA
C80: APROBACIÓN POR INTERVENTORÍA
C81: Nota 1: Cuando se trate de Análisis de precios unitarios correspondientes a ítems de la propuesta económica aprobada, el Interventor aprueba el desglose de los componentes manteniendo el mismo precio unitario de cada ítem, cumpliendo con las especificaciones de construcción vigentes para el proyecto.
C83: Nota 2: Cuando se trate de Análisis de precios unitarios de ítems no previstos, el Interventor aprueba el desglose y precio unitario de cada ítem no previsto, exigiendo la aplicación de los costos correspondientes a insumos y tarifas de la propuesta económica inicial cuando estén contemplados, cumpliendo con las especificaciones de construcción vigente para el proyecto.
H86: Firma
H87: Nombre:
H88: Representante Legal del Interventor o su Apoderado
H89: Matricula No. :

Sheet 1.3
C3: Formulario 1 - Propuesta económica - Documento tipo de licitación de obra pública de infraestructura de transporte - versión 4
C4: Código | D4: CCE-EICP-FM-14 | E4: Versión | F4: 4
C6: [La entidad podrá utilizar este formato para la presentación de los análisis de precios unitarios del contratista en la oportunidad prevista en el numeral 8.1. del Documento Base]
D9: ALCALDIA DE EL ESPINAL
L10: VERSIÓN
D11: [NÚMERO DEL PROCESO]
L12: PÁGINA | M12: 1 | N12: DE | O12: 1
D14: ANALISIS DE PRECIOS UNITARIOS
L16: FECHA | M16: DD | N16: MM | O16: AA
C18: ÍTEMS DE LA PROPUESTA ECONÓMICA | I18: ÍTEMS NO PREVISTOS
C22: DATOS ESPECÍFICOS
C24: ÍTEM | D24: DESCRIPCIÓN | M24: UNIDAD | O24: CANTIDAD
C25: ='OFERTA ECONOMICA'!C16 -> 1.3 | D25: ='OFERTA ECONOMICA'!G16 -> EXCAVACIONES VARIAS A MÁQUINA SIN CLASIFICAR (INCLUYE RETIRO DE SOBRANTES A UNA DISTANCIA MENOR DE 5 KM | M25: ='OFERTA ECONOMICA'!H16 -> M3 | O25: ='OFERTA ECONOMICA'!I16 -> 10143.4
C26: I. EQUIPO
C29: DESCRIPCIÓN | H29: MARCA | J29: TIPO | L29: TARIFA/HORA | M29: RENDIMIENTO | O29: Vr. UNITARIO
C30: RETROEXCAVADORA 75 HP | J30: D | L30: 164614 | M30: 20 | O30: =L30/M30 -> 8230.7
C31: HERRAMIENTA MENOR | J31: GL | L31: 95.13 | M31: 1 | O31: =L31/M31 -> 95.13
C33: SUBTOTAL $ | O33: =SUM(O30:O32) -> 8325.83
C34: II. MATERIALES
C37: DESCRIPCIÓN | K37: UNIDAD | L37: CANTIDAD | M37: PRECIO UNIT. | O37: Vr. UNITARIO
C38: DERECHO A BOTADERO | K38: M3 | L38: 1.3 | M38: 4000 | O38: =L38*M38 -> 5200
C41: SUBTOTAL $ | O41: =SUM(O38:O40) -> 5200
C42: III. TRANSPORTES
C45: MATERIAL | J45: VOL. o PESO | K45: DISTANCIA | L45: M3 o Ton/Km | M45: TARIFA | O45: Vr. UNITARIO
C46: MATERIAL EXCAVADO | J46: 1.3 | K46: 5 | L46: 6.5 | M46: 995 | O46: 6467.5
C48: SUBTOTAL $ | O48: =O46 -> 6467.5
C49: IV. MANO DE OBRA
C52: TRABAJADOR | J52: JORNAL | K52: PRESTACIONES | L52: JORNAL TOTAL | M52: RENDIMIENTO | O52: Vr. UNITARIO
C53: OFICIAL (1) AA | J53: 114392 | K53: 2 | L53: =J53*K53 -> 228784 | M53: 200 | O53: =L53/M53 -> 1143.92
C54: AYUDANTE (1) AA | J54: 75873 | K54: 2 | L54: =J54*K54 -> 151746 | M54: 200 | O54: =L54/M54 -> 758.73
C56: SUBTOTAL $ | O56: =SUM(O53:O55) -> 1902.65
C58: TOTAL COSTO DIRECTO $ | O58: =ROUND(O56+O48+O41+O33,0) -> 21896
C59: V. COSTOS INDIRECTOS
C62: Descripción | L62: Porcentaje | M62: Valor Total
C63: ADMINISTRACION
C64: IMPREVISTOS
C65: UTILIDAD
C66: SUBTOTAL $
C68: Precio Unitario Total Aproximado al peso $
H72: Firma
H73: Nombre:
H74: Representante Legal del Contratista o su Apoderado
H75: Matricula No. :
C77: OBSERVACIONES INTERVENTORÍA
C81: APROBACIÓN POR INTERVENTORÍA
C82: Nota 1: Cuando se trate de Análisis de precios unitarios correspondientes a ítems de la propuesta económica aprobada, el Interventor aprueba el desglose de los componentes manteniendo el mismo precio unitario de cada ítem, cumpliendo con las especificaciones de construcción vigentes para el proyecto.
C84: Nota 2: Cuando se trate de Análisis de precios unitarios de ítems no previstos, el Interventor aprueba el desglose y precio unitario de cada ítem no previsto, exigiendo la aplicación de los costos correspondientes a insumos y tarifas de la propuesta económica inicial cuando estén contemplados, cumpliendo con las especificaciones de construcción vigente para el proyecto.
H87: Firma
H88: Nombre:
H89: Representante Legal del Interventor o su Apoderado
H90: Matricula No. :

Sheet 2.1
C3: Formulario 1 - Propuesta económica - Documento tipo de licitación de obra pública de infraestructura de transporte - versión 4
C4: Código | D4: CCE-EICP-FM-14 | E4: Versión | F4: 4
C6: [La entidad podrá utilizar este formato para la presentación de los análisis de precios unitarios del contratista en la oportunidad prevista en el numeral 8.1. del Documento Base]
D9: ALCALDIA DE EL ESPINAL
L10: VERSIÓN
D11: [NÚMERO DEL PROCESO]
L12: PÁGINA | M12: 1 | N12: DE | O12: 1
D14: ANALISIS DE PRECIOS UNITARIOS
L16: FECHA | M16: DD | N16: MM | O16: AA
C18: ÍTEMS DE LA PROPUESTA ECONÓMICA | I18: ÍTEMS NO PREVISTOS
C22: DATOS ESPECÍFICOS
C24: ÍTEM | D24: DESCRIPCIÓN | M24: UNIDAD | O24: CANTIDAD
C25: ='OFERTA ECONOMICA'!C19 -> 2.1 | D25: ='OFERTA ECONOMICA'!G19 -> SUBBASE GRANULAR (NORMA INVIAS 320) | M25: ='OFERTA ECONOMICA'!H19 -> M3 | O25: ='OFERTA ECONOMICA'!I19 -> 5071.7
C26: I. EQUIPO
C29: DESCRIPCIÓN | H29: MARCA | J29: TIPO | L29: TARIFA/HORA | M29: RENDIMIENTO | O29: Vr. UNITARIO
C30: MOTONIVELADORA 120 HP | J30: H | L30: 207934 | M30: 25 | O30: =L30/M30 -> 8317.36
C31: CARROTANQUE DE AGUA 10000 LITROS | J31: H | L31: 149084 | M31: 25 | O31: =L31/M31 -> 5963.36
C32: HERRAMIENTA MENOR | J32: GL | L32: 151.75 | M32: 1 | O32: =L32/M32 -> 151.75
C33: VIBROCOMPACTADOR 8 TON | J33: H | L33: 155951 | M33: 25 | O33: =L33/M33 -> 6238.04
C35: SUBTOTAL $ | O35: =SUM(O30:O34) -> 20670.51
C36: II. MATERIALES
C39: DESCRIPCIÓN | K39: UNIDAD | L39: CANTIDAD | M39: PRECIO UNIT. | O39: Vr. UNITARIO
C40: SUBBASE GRANULAR | K40: M3 | L40: 1.3 | M40: 45874 | O40: =L40*M40 -> 59636.2
O41: =L41*M41 -> 0
O42: =L42*M42 -> 0
C43: SUBTOTAL $ | O43: =SUM(O40:O42) -> 59636.2
C44: III. TRANSPORTES
C47: MATERIAL | J47: VOL. o PESO | K47: DISTANCIA | L47: M3 o Ton/Km | M47: TARIFA | O47: Vr. UNITARIO
C48: TRANS. SUBBASE | J48: 1.3 | K48: 1.5 | L48: 19.5 | M48: 1823 | O48: 35548.5
C50: SUBTOTAL $ | O50: =SUM(O48:O49) -> 35548.5
C51: IV. MANO DE OBRA
C54: TRABAJADOR | J54: JORNAL | K54: PRESTACIONES | L54: JORNAL TOTAL | M54: RENDIMIENTO | O54: Vr. UNITARIO
C55: AYUDANTE (2) AA | J55: 151745 | K55: 2 | L55: =J55*K55 -> 303490 | M55: 100 | O55: =L55/M55 -> 3034.9
C59: SUBTOTAL $ | O59: =SUM(O55:O58) -> 3034.9
C61: TOTAL COSTO DIRECTO $ | O61: =ROUND(O59+O50+O43+O35,0) -> 118890
C62: V. COSTOS INDIRECTOS
C65: Descripción | L65: Porcentaje | M65: Valor Total
C66: ADMINISTRACION
C67: IMPREVISTOS
C68: UTILIDAD
C69: SUBTOTAL $
C71: Precio Unitario Total Aproximado al peso $
H75: Firma
H76: Nombre:
H77: Representante Legal del Contratista o su Apoderado
H78: Matricula No. :
C80: OBSERVACIONES INTERVENTORÍA
C84: APROBACIÓN POR INTERVENTORÍA
C85: Nota 1: Cuando se trate de Análisis de precios unitarios correspondientes a ítems de la propuesta económica aprobada, el Interventor aprueba el desglose de los componentes manteniendo el mismo precio unitario de cada ítem, cumpliendo con las especificaciones de construcción vigentes para el proyecto.
C87: Nota 2: Cuando se trate de Análisis de precios unitarios de ítems no previstos, el Interventor aprueba el desglose y precio unitario de cada ítem no previsto, exigiendo la aplicación de los costos correspondientes a insumos y tarifas de la propuesta económica inicial cuando estén contemplados, cumpliendo con las especificaciones de construcción vigente para el proyecto.
H90: Firma
H91: Nombre:
H92: Representante Legal del Interventor o su Apoderado
H93: Matricula No. :

Sheet 2.2
C3: Formulario 1 - Propuesta económica - Documento tipo de licitación de obra pública de infraestructura de transporte - versión 4
C4: Código | D4: CCE-EICP-FM-14 | E4: Versión | F4: 4
C6: [La entidad podrá utilizar este formato para la presentación de los análisis de precios unitarios del contratista en la oportunidad prevista en el numeral 8.1. del Documento Base]
D9: ALCALDIA DE EL ESPINAL
L10: VERSIÓN
D11: [NÚMERO DEL PROCESO]
L12: PÁGINA | M12: 1 | N12: DE | O12: 1
D14: ANALISIS DE PRECIOS UNITARIOS
L16: FECHA | M16: DD | N16: MM | O16: AA
C18: ÍTEMS DE LA PROPUESTA ECONÓMICA | I18: ÍTEMS NO PREVISTOS
C22: DATOS ESPECÍFICOS
C24: ÍTEM | D24: DESCRIPCIÓN | M24: UNIDAD | O24: CANTIDAD
C25: ='OFERTA ECONOMICA'!C20 -> 2.2 | D25: ='OFERTA ECONOMICA'!G20 -> BASE GRANULAR (NORMA INVIAS 330) | M25: ='OFERTA ECONOMICA'!H20 -> M3 | O25: ='OFERTA ECONOMICA'!I20 -> 3381.13
C26: I. EQUIPO
C29: DESCRIPCIÓN | H29: MARCA | J29: TIPO | L29: TARIFA/HORA | M29: RENDIMIENTO | O29: Vr. UNITARIO
C30: MOTONIVELADORA 120 HP | J30: H | L30: 207934 | M30: 20 | O30: =L30/M30 -> 10396.7
C31: CARROTANQUE DE AGUA 10000 LITROS | J31: H | L31: 149084 | M31: 20 | O31: =L31/M31 -> 7454.2
C32: HERRAMIENTA MENOR | J32: GL | L32: 151.75 | M32: 1 | O32: =L32/M32 -> 151.75
C33: VIBROCOMPACTADOR 8 TON | J33: H | L33: 155951 | M33: 20 | O33: =L33/M33 -> 7797.55
C35: SUBTOTAL $ | O35: =SUM(O30:O34) -> 25800.2
C36: II. MATERIALES
C39: DESCRIPCIÓN | K39: UNIDAD | L39: CANTIDAD | M39: PRECIO UNIT. | O39: Vr. UNITARIO
C40: BASE GRANULAR | K40: M3 | L40: 1.3 | M40: 51794 | O40: =L40*M40 -> 67332.2
C43: SUBTOTAL $ | O43: =SUM(O40:O42) -> 67332.2
C44: III. TRANSPORTES
C47: MATERIAL | J47: VOL. o PESO | K47: DISTANCIA | L47: M3 o Ton/Km | M47: TARIFA | O47: Vr. UNITARIO
C48: TRANS. SUBBASE | J48: 1.3 | K48: 1.5 | L48: 19.5 | M48: 1823 | O48: 35548.5
C50: SUBTOTAL $ | O50: =SUM(O48:O49) -> 35548.5
C51: IV. MANO DE OBRA
C54: TRABAJADOR | J54: JORNAL | K54: PRESTACIONES | L54: JORNAL TOTAL | M54: RENDIMIENTO | O54: Vr. UNITARIO
C55: AYUDANTE (2) AA | J55: 151745 | K55: 2 | L55: =J55*K55 -> 303490 | M55: 100 | O55: =L55/M55 -> 3034.9
C59: SUBTOTAL $ | O59: =SUM(O55:O58) -> 3034.9
C61: TOTAL COSTO DIRECTO $ | O61: =ROUND(O59+O50+O43+O35,0) -> 131716
C62: V. COSTOS INDIRECTOS
C65: Descripción | L65: Porcentaje | M65: Valor Total
C66: ADMINISTRACION
C67: IMPREVISTOS
C68: UTILIDAD
C69: SUBTOTAL $
C71: Precio Unitario Total Aproximado al peso $
H75: Firma
H76: Nombre:
H77: Representante Legal del Contratista o su Apoderado
H78: Matricula No. :
C80: OBSERVACIONES INTERVENTORÍA
C84: APROBACIÓN POR INTERVENTORÍA
C85: Nota 1: Cuando se trate de Análisis de precios unitarios correspondientes a ítems de la propuesta económica aprobada, el Interventor aprueba el desglose de los componentes manteniendo el mismo precio unitario de cada ítem, cumpliendo con las especificaciones de construcción vigentes para el proyecto.
C87: Nota 2: Cuando se trate de Análisis de precios unitarios de ítems no previstos, el Interventor aprueba el desglose y precio unitario de cada ítem no previsto, exigiendo la aplicación de los costos correspondientes a insumos y tarifas de la propuesta económica inicial cuando estén contemplados, cumpliendo con las especificaciones de construcción vigente para el proyecto.
H90: Firma
H91: Nombre:
H92: Representante Legal del Interventor o su Apoderado
H93: Matricula No. :

Sheet 2.3
C3: Formulario 1 - Propuesta económica - Documento tipo de licitación de obra pública de infraestructura de transporte - versión 4
C4: Código | D4: CCE-EICP-FM-14 | E4: Versión | F4: 4
C6: [La entidad podrá utilizar este formato para la presentación de los análisis de precios unitarios del contratista en la oportunidad prevista en el numeral 8.1. del Documento Base]
D9: ALCALDIA DE EL ESPINAL
L10: VERSIÓN
D11: [NÚMERO DEL PROCESO]
L12: PÁGINA | M12: 1 | N12: DE | O12: 1
D14: ANALISIS DE PRECIOS UNITARIOS
L16: FECHA | M16: DD | N16: MM | O16: AA
C18: ÍTEMS DE LA PROPUESTA ECONÓMICA | I18: ÍTEMS NO PREVISTOS
C22: DATOS ESPECÍFICOS
C24: ÍTEM | D24: DESCRIPCIÓN | M24: UNIDAD | O24: CANTIDAD
C25: ='OFERTA ECONOMICA'!C21 -> 2.3 | D25: ='OFERTA ECONOMICA'!G21 -> MEZCLA DENSA EN CALIENTE TIPO MDC-19 (INCLUYE CEMENTO ASFÁLTICO) | M25: ='OFERTA ECONOMICA'!H21 -> M3 | O25: ='OFERTA ECONOMICA'!I21 -> 1267.92
C26: I. EQUIPO
C29: DESCRIPCIÓN | H29: MARCA | J29: TIPO | L29: TARIFA/HORA | M29: RENDIMIENTO | O29: Vr. UNITARIO
C30: TERMINADORA DE ASFÁLTO 150 HP | J30: H | L30: 316893 | M30: 15 | O30: =L30/M30 -> 21126.2
C31: VIBROCOMPACTADOR 8 TON | J31: H | L31: 155951 | M31: 15 | O31: =L31/M31 -> 10396.733
C32: COMPACTADOR LLANTAS | J32: H | L32: 170527 | M32: 15 | O32: =L32/M32 -> 11368.467
C33: HERRAMIENTA MENOR | J33: GL | L33: 3227.5 | M33: 1 | O33: =L33/M33 -> 3227.5
C35: SUBTOTAL $ | O35: =SUM(O30:O34) -> 46118.9
C36: II. MATERIALES
C39: DESCRIPCIÓN | K39: UNIDAD | L39: CANTIDAD | M39: PRECIO UNIT. | O39: Vr. UNITARIO
C40: MEZCLA ASFÁLTICA MDC-19 | K40: M3 | L40: 1.25 | M40: 822667 | O40: =L40*M40 -> 1028333.8
C43: SUBTOTAL $ | O43: =SUM(O40:O42) -> 1028333.8
C44: III. TRANSPORTES
C47: MATERIAL | J47: VOL. o PESO | K47: DISTANCIA | L47: M3 o Ton/Km | M47: TARIFA | O47: Vr. UNITARIO
C48: TRANS. MDC-19 | J48: 1.25 | K48: 10 | L48: 12.5 | M48: 1823 | O48: 22787.5
C50: SUBTOTAL $ | O50: =SUM(O48:O49) -> 22787.5
C51: IV. MANO DE OBRA
C54: TRABAJADOR | J54: JORNAL | K54: PRESTACIONES | L54: JORNAL TOTAL | M54: RENDIMIENTO | O54: Vr. UNITARIO
C55: OFICIAL (1) AA | J55: 114392 | K55: 2 | L55: =J55*K55 -> 228784 | M55: 40 | O55: =L55/M55 -> 5719.6
C56: AYUDANTE (7) AA | J56: 531108 | K56: 2 | L56: =J56*K56 -> 1062216 | M56: 40 | O56: =L56/M56 -> 26555.4
C59: SUBTOTAL $ | O59: =SUM(O55:O58) -> 32275
C61: TOTAL COSTO DIRECTO $ | O61: =ROUND(O59+O50+O43+O35,0) -> 1129515
C62: V. COSTOS INDIRECTOS
C65: Descripción | L65: Porcentaje | M65: Valor Total
C66: ADMINISTRACION
C67: IMPREVISTOS
C68: UTILIDAD
C69: SUBTOTAL $
C71: Precio Unitario Total Aproximado al peso $
H75: Firma
H76: Nombre:
H77: Representante Legal del Contratista o su Apoderado
H78: Matricula No. :
C80: OBSERVACIONES INTERVENTORÍA
C84: APROBACIÓN POR INTERVENTORÍA
C85: Nota 1: Cuando se trate de Análisis de precios unitarios correspondientes a ítems de la propuesta económica aprobada, el Interventor aprueba el desglose de los componentes manteniendo el mismo precio unitario de cada ítem, cumpliendo con las especificaciones de construcción vigentes para el proyecto.
C87: Nota 2: Cuando se trate de Análisis de precios unitarios de ítems no previstos, el Interventor aprueba el desglose y precio unitario de cada ítem no previsto, exigiendo la aplicación de los costos correspondientes a insumos y tarifas de la propuesta económica inicial cuando estén contemplados, cumpliendo con las especificaciones de construcción vigente para el proyecto.
H90: Firma
H91: Nombre:
H92: Representante Legal del Interventor o su Apoderado
H93: Matricula No. :

Sheet 2.4
C3: Formulario 1 - Propuesta económica - Documento tipo de licitación de obra pública de infraestructura de transporte - versión 4
C4: Código | D4: CCE-EICP-FM-14 | E4: Versión | F4: 4
C6: [La entidad podrá utilizar este formato para la presentación de los análisis de precios unitarios del contratista en la oportunidad prevista en el numeral 8.1. del Documento Base]
D9: ALCALDIA DE EL ESPINAL
L10: VERSIÓN
D11: [NÚMERO DEL PROCESO]
L12: PÁGINA | M12: 1 | N12: DE | O12: 1
D14: ANALISIS DE PRECIOS UNITARIOS
L16: FECHA | M16: DD | N16: MM | O16: AA
C18: ÍTEMS DE LA PROPUESTA ECONÓMICA | I18: ÍTEMS NO PREVISTOS
C22: DATOS ESPECÍFICOS
C24: ÍTEM | D24: DESCRIPCIÓN | M24: UNIDAD | O24: CANTIDAD
C25: ='OFERTA ECONOMICA'!C22 -> 2.4 | D25: ='OFERTA ECONOMICA'!G22 -> RIEGO DE IMPRIMACIÓN | M25: ='OFERTA ECONOMICA'!H22 -> M2 | O25: ='OFERTA ECONOMICA'!I22 -> 16905.67
C26: I. EQUIPO
C29: DESCRIPCIÓN | H29: MARCA | J29: TIPO | L29: TARIFA/HORA | M29: RENDIMIENTO | O29: Vr. UNITARIO
C30: IRRIGADOR DE ASFÁLTO | J30: H | L30: 131562 | M30: 500 | O30: =L30/M30 -> 263.124
C31: COMPRESOR DE 250 CPM | J31: H | L31: 155951 | M31: 500 | O31: =L31/M31 -> 311.902
C32: HERRAMIENTA MENOR | J32: GL | L32: 2.53 | M32: 7 | O32: =L32/M32 -> 0.36142857
C34: SUBTOTAL $ | O34: =SUM(O30:O33) -> 575.38743
C35: II. MATERIALES
C38: DESCRIPCIÓN | K38: UNIDAD | L38: CANTIDAD | M38: PRECIO UNIT. | O38: Vr. UNITARIO
C39: EMULSIÓN ASFÁLTICA | K39: LT | L39: 1 | M39: 5632 | O39: =L39*M39 -> 5632
C42: SUBTOTAL $ | O42: =SUM(O39:O41) -> 5632
C43: III. TRANSPORTES
C46: MATERIAL | J46: VOL. o PESO | K46: DISTANCIA | L46: M3 o Ton/Km | M46: TARIFA | O46: Vr. UNITARIO
C49: SUBTOTAL $
C50: IV. MANO DE OBRA
C53: TRABAJADOR | J53: JORNAL | K53: PRESTACIONES | L53: JORNAL TOTAL | M53: RENDIMIENTO | O53: Vr. UNITARIO
C54: AYUDANTE (1) AA | J54: 75873 | K54: 2 | L54: =J54*K54 -> 151746 | M54: 1200 | O54: =L54/M54 -> 126.455
C56: SUBTOTAL $ | O56: =SUM(O54:O55) -> 126.455
C58: TOTAL COSTO DIRECTO $ | O58: =ROUND(O56+O42+O34,0) -> 6334
C59: V. COSTOS INDIRECTOS
C62: Descripción | L62: Porcentaje | M62: Valor Total
C63: ADMINISTRACION
C64: IMPREVISTOS
C65: UTILIDAD
C66: SUBTOTAL $
C68: Precio Unitario Total Aproximado al peso $
H72: Firma
H73: Nombre:
H74: Representante Legal del Contratista o su Apoderado
H75: Matricula No. :
C77: OBSERVACIONES INTERVENTORÍA
C81: APROBACIÓN POR INTERVENTORÍA
C82: Nota 1: Cuando se trate de Análisis de precios unitarios correspondientes a ítems de la propuesta económica aprobada, el Interventor aprueba el desglose de los componentes manteniendo el mismo precio unitario de cada ítem, cumpliendo con las especificaciones de construcción vigentes para el proyecto.
C84: Nota 2: Cuando se trate de Análisis de precios unitarios de ítems no previstos, el Interventor aprueba el desglose y precio unitario de cada ítem no previsto, exigiendo la aplicación de los costos correspondientes a insumos y tarifas de la propuesta económica inicial cuando estén contemplados, cumpliendo con las especificaciones de construcción vigente para el proyecto.
H87: Firma
H88: Nombre:
H89: Representante Legal del Interventor o su Apoderado
H90: Matricula No. :

Sheet 2.5
C3: Formulario 1 - Propuesta económica - Documento tipo de licitación de obra pública de infraestructura de transporte - versión 4
C4: Código | D4: CCE-EICP-FM-14 | E4: Versión | F4: 4
C6: [La entidad podrá utilizar este formato para la presentación de los análisis de precios unitarios del contratista en la oportunidad prevista en el numeral 8.1. del Documento Base]
D9: ALCALDIA DE EL ESPINAL
L10: VERSIÓN
D11: [NÚMERO DEL PROCESO]
L12: PÁGINA | M12: 1 | N12: DE | O12: 1
D14: ANALISIS DE PRECIOS UNITARIOS
L16: FECHA | M16: DD | N16: MM | O16: AA
C18: ÍTEMS DE LA PROPUESTA ECONÓMICA | I18: ÍTEMS NO PREVISTOS
C22: DATOS ESPECÍFICOS
C24: ÍTEM | D24: DESCRIPCIÓN | M24: UNIDAD | O24: CANTIDAD
C25: ='OFERTA ECONOMICA'!C23 -> 2.5 | D25: ='OFERTA ECONOMICA'!G23 -> CONFORMACIÓN DE LA CALZADA EXISTENTE | M25: ='OFERTA ECONOMICA'!H23 -> M2 | O25: ='OFERTA ECONOMICA'!I23 -> 16905.67
C26: I. EQUIPO
C29: DESCRIPCIÓN | H29: MARCA | J29: TIPO | L29: TARIFA/HORA | M29: RENDIMIENTO | O29: Vr. UNITARIO
C30: MOTONIVELADORA 120 HP | J30: H | L30: 207934 | M30: 800 | O30: =L30/M30 -> 259.9175
C31: VIBROCOMPACTADOR 8 TON | J31: H | L31: 155951 | M31: 600 | O31: =L31/M31 -> 259.91833
C32: CARROTANQUE DE AGUA 10000 LITROS | J32: H | L32: 149084 | M32: 600 | O32: =L32/M32 -> 248.47333
C34: SUBTOTAL $ | O34: =SUM(O30:O33) -> 768.30917
C35: II. MATERIALES
C38: DESCRIPCIÓN | K38: UNIDAD | L38: CANTIDAD | M38: PRECIO UNIT. | O38: Vr. UNITARIO
C39: AGUA | K39: UN | L39: 4 | M39: 75 | O39: =L39*M39 -> 300
C42: SUBTOTAL $ | O42: =SUM(O39:O41) -> 300
C43: III. TRANSPORTES
C46: MATERIAL | J46: VOL. o PESO | K46: DISTANCIA | L46: M3 o Ton/Km | M46: TARIFA | O46: Vr. UNITARIO
C49: SUBTOTAL $
C50: IV. MANO DE OBRA
C53: TRABAJADOR | J53: JORNAL | K53: PRESTACIONES | L53: JORNAL TOTAL | M53: RENDIMIENTO | O53: Vr. UNITARIO
C54: AYUDANTE (2) AA | J54: 151745 | K54: 2 | L54: =J54*K54 -> 303490 | M54: 2000 | O54: =L54/M54 -> 151.745
C56: SUBTOTAL $ | O56: =SUM(O54:O55) -> 151.745
C58: TOTAL COSTO DIRECTO $ | O58: =ROUND(O56+O49+O42+O34,0) -> 1220
C59: V. COSTOS INDIRECTOS
C62: Descripción | L62: Porcentaje | M62: Valor Total
C63: ADMINISTRACION
C64: IMPREVISTOS
C65: UTILIDAD
C66: SUBTOTAL $
C68: Precio Unitario Total Aproximado al peso $
H72: Firma
H73: Nombre:
H74: Representante Legal del Contratista o su Apoderado
H75: Matricula No. :
C77: OBSERVACIONES INTERVENTORÍA
C81: APROBACIÓN POR INTERVENTORÍA
C82: Nota 1: Cuando se trate de Análisis de precios unitarios correspondientes a ítems de la propuesta económica aprobada, el Interventor aprueba el desglose de los componentes manteniendo el mismo precio unitario de cada ítem, cumpliendo con las especificaciones de construcción vigentes para el proyecto.
C84: Nota 2: Cuando se trate de Análisis de precios unitarios de ítems no previstos, el Interventor aprueba el desglose y precio unitario de cada ítem no previsto, exigiendo la aplicación de los costos correspondientes a insumos y tarifas de la propuesta económica inicial cuando estén contemplados, cumpliendo con las especificaciones de construcción vigente para el proyecto.
H87: Firma
H88: Nombre:
H89: Representante Legal del Interventor o su Apoderado
H90: Matricula No. :

Sheet 3.1
C3: Formulario 1 - Propuesta económica - Documento tipo de licitación de obra pública de infraestructura de transporte - versión 4
C4: Código | D4: CCE-EICP-FM-14 | E4: Versión | F4: 4
C6: [La entidad podrá utilizar este formato para la presentación de los análisis de precios unitarios del contratista en la oportunidad prevista en el numeral 8.1. del Documento Base]
D9: ALCALDIA DE EL ESPINAL
L10: VERSIÓN
D11: [NÚMERO DEL PROCESO]
L12: PÁGINA | M12: 1 | N12: DE | O12: 1
D14: ANALISIS DE PRECIOS UNITARIOS
L16: FECHA | M16: DD | N16: MM | O16: AA
C18: ÍTEMS DE LA PROPUESTA ECONÓMICA | I18: ÍTEMS NO PREVISTOS
C22: DATOS ESPECÍFICOS
C24: ÍTEM | D24: DESCRIPCIÓN | M24: UNIDAD | O24: CANTIDAD
C25: ='OFERTA ECONOMICA'!C26 -> 3.1 | D25: ='OFERTA ECONOMICA'!G26 -> ANDÉN CONCRETO 2500 PSI EN SITIO E=0.1M | M25: ='OFERTA ECONOMICA'!H26 -> M2 | O25: ='OFERTA ECONOMICA'!I26 -> 367.2
C26: I. EQUIPO
C29: DESCRIPCIÓN | H29: MARCA | J29: TIPO | L29: TARIFA/HORA | M29: RENDIMIENTO | O29: Vr. UNITARIO
C33: SUBTOTAL $ | O33: =SUM(O30:O32) -> 0
C34: II. MATERIALES
C37: DESCRIPCIÓN | K37: UNIDAD | L37: CANTIDAD | M37: PRECIO UNIT. | O37: Vr. UNITARIO
C38: CONCRETO 2500 PSI | K38: M3 | L38: 0.105 | M38: 416261 | O38: =L38*M38 -> 43707.405
C39: LISTÓN ORDINARIO | K39: ML | L39: 1.02 | M39: 1695 | O39: =L39*M39 -> 1728.9
C40: TABLA CHAPA ORDINARIO 0.10 | K40: ML | L40: 1.02 | M40: 3050 | O40: =L40*M40 -> 3111
C41: SUBTOTAL $ | O41: =SUM(O38:O40) -> 48547.305
C42: III. TRANSPORTES
C45: MATERIAL | J45: VOL. o PESO | K45: DISTANCIA | L45: M3 o Ton/Km | M45: TARIFA | O45: Vr. UNITARIO
C48: SUBTOTAL $
C49: IV. MANO DE OBRA
C52: TRABAJADOR | J52: JORNAL | K52: PRESTACIONES | L52: JORNAL TOTAL | M52: RENDIMIENTO | O52: Vr. UNITARIO
C53: MANO DE OBRA AA | J53: 190265 | K53: 2 | L53: =J53*K53 -> 380530 | M53: 12 | O53: =L53/M53 -> 31710.833
C57: SUBTOTAL $ | O57: =SUM(O53:O56) -> 31710.833
C59: TOTAL COSTO DIRECTO $ | O59: =ROUND(O57+O48+O41+O33,0) -> 80258
C60: V. COSTOS INDIRECTOS
C63: Descripción | L63: Porcentaje | M63: Valor Total
C64: ADMINISTRACION
C65: IMPREVISTOS
C66: UTILIDAD
C67: SUBTOTAL $
C69: Precio Unitario Total Aproximado al peso $
H73: Firma
H74: Nombre:
H75: Representante Legal del Contratista o su Apoderado
H76: Matricula No. :
C78: OBSERVACIONES INTERVENTORÍA
C82: APROBACIÓN POR INTERVENTORÍA
C83: Nota 1: Cuando se trate de Análisis de precios unitarios correspondientes a ítems de la propuesta económica aprobada, el Interventor aprueba el desglose de los componentes manteniendo el mismo precio unitario de cada ítem, cumpliendo con las especificaciones de construcción vigentes para el proyecto.
C85: Nota 2: Cuando se trate de Análisis de precios unitarios de ítems no previstos, el Interventor aprueba el desglose y precio unitario de cada ítem no previsto, exigiendo la aplicación de los costos correspondientes a insumos y tarifas de la propuesta económica inicial cuando estén contemplados, cumpliendo con las especificaciones de construcción vigente para el proyecto.
H88: Firma
H89: Nombre:
H90: Representante Legal del Interventor o su Apoderado
H91: Matricula No. :

Sheet 3.2
C3: Formulario 1 - Propuesta económica - Documento tipo de licitación de obra pública de infraestructura de transporte - versión 4
C4: Código | D4: CCE-EICP-FM-14 | E4: Versión | F4: 4
C6: [La entidad podrá utilizar este formato para la presentación de los análisis de precios unitarios del contratista en la oportunidad prevista en el numeral 8.1. del Documento Base]
D9: ALCALDIA DE EL ESPINAL
L10: VERSIÓN
D11: [NÚMERO DEL PROCESO]
L12: PÁGINA | M12: 1 | N12: DE | O12: 1
D14: ANALISIS DE PRECIOS UNITARIOS
L16: FECHA | M16: DD | N16: MM | O16: AA
C18: ÍTEMS DE LA PROPUESTA ECONÓMICA | I18: ÍTEMS NO PREVISTOS
C22: DATOS ESPECÍFICOS
C24: ÍTEM | D24: DESCRIPCIÓN | M24: UNIDAD | O24: CANTIDAD
C25: ='OFERTA ECONOMICA'!C27 -> 3.2 | D25: ='OFERTA ECONOMICA'!G27 -> REFUERZO MALLA ELECTROSOLDADA | M25: ='OFERTA ECONOMICA'!H27 -> M2 | O25: ='OFERTA ECONOMICA'!I27 -> 367.2
C26: I. EQUIPO
C29: DESCRIPCIÓN | H29: MARCA | J29: TIPO | L29: TARIFA/HORA | M29: RENDIMIENTO | O29: Vr. UNITARIO
C30: HERRAMIENTA MENOR | J30: GL | L30: 47.57 | M30: 1 | O30: =L30/M30 -> 47.57
C32: SUBTOTAL $ | O32: =SUM(O30:O31) -> 47.57
C33: II. MATERIALES
C36: DESCRIPCIÓN | K36: UNIDAD | L36: CANTIDAD | M36: PRECIO UNIT. | O36: Vr. UNITARIO
C37: MALLA ELECTROSOLDADA | K37: KG | L37: 1.02 | M37: 9310 | O37: =L37*M37 -> 9496.2
C38: ALAMBRE NEGRO NO. 18 | K38: KG | L38: 0.03 | M38: 12921 | O38: =L38*M38 -> 387.63
C39: SEGUETA | K39: UN | L39: 0.05 | M39: 6741 | O39: =L39*M39 -> 337.05
C40: SUBTOTAL $ | O40: =SUM(O37:O39) -> 10220.88
C41: III. TRANSPORTES
C44: MATERIAL | J44: VOL. o PESO | K44: DISTANCIA | L44: M3 o Ton/Km | M44: TARIFA | O44: Vr. UNITARIO
C47: SUBTOTAL $
C48: IV. MANO DE OBRA
C51: TRABAJADOR | J51: JORNAL | K51: PRESTACIONES | L51: JORNAL TOTAL | M51: RENDIMIENTO | O51: Vr. UNITARIO
C52: MANO DE OBRA AA | J52: 190265 | K52: 2 | L52: =J52*K52 -> 380530 | M52: 400 | O52: =L52/M52 -> 951.325
C56: SUBTOTAL $ | O56: =SUM(O52:O55) -> 951.325
C58: TOTAL COSTO DIRECTO $ | O58: =ROUND(O56+O40+O32,0) -> 11220
C59: V. COSTOS INDIRECTOS
C62: Descripción | L62: Porcentaje | M62: Valor Total
C63: ADMINISTRACION
C64: IMPREVISTOS
C65: UTILIDAD
C66: SUBTOTAL $
C68: Precio Unitario Total Aproximado al peso $
H72: Firma
H73: Nombre:
H74: Representante Legal del Contratista o su Apoderado
H75: Matricula No. :
C77: OBSERVACIONES INTERVENTORÍA
C81: APROBACIÓN POR INTERVENTORÍA
C82: Nota 1: Cuando se trate de Análisis de precios unitarios correspondientes a ítems de la propuesta económica aprobada, el Interventor aprueba el desglose de los componentes manteniendo el mismo precio unitario de cada ítem, cumpliendo con las especificaciones de construcción vigentes para el proyecto.
C84: Nota 2: Cuando se trate de Análisis de precios unitarios de ítems no previstos, el Interventor aprueba el desglose y precio unitario de cada ítem no previsto, exigiendo la aplicación de los costos correspondientes a insumos y tarifas de la propuesta económica inicial cuando estén contemplados, cumpliendo con las especificaciones de construcción vigente para el proyecto.
H87: Firma
H88: Nombre:
H89: Representante Legal del Interventor o su Apoderado
H90: Matricula No. :

Sheet 3.3
C3: Formulario 1 - Propuesta económica - Documento tipo de licitación de obra pública de infraestructura de transporte - versión 4
C4: Código | D4: CCE-EICP-FM-14 | E4: Versión | F4: 4
C6: [La entidad podrá utilizar este formato para la presentación de los análisis de precios unitarios del contratista en la oportunidad prevista en el numeral 8.1. del Documento Base]
D9: ALCALDIA DE EL ESPINAL
L10: VERSIÓN
D11: [NÚMERO DEL PROCESO]
L12: PÁGINA | M12: 1 | N12: DE | O12: 1
D14: ANALISIS DE PRECIOS UNITARIOS
L16: FECHA | M16: DD | N16: MM | O16: AA
C18: ÍTEMS DE LA PROPUESTA ECONÓMICA | I18: ÍTEMS NO PREVISTOS
C22: DATOS ESPECÍFICOS
C24: ÍTEM | D24: DESCRIPCIÓN | M24: UNIDAD | O24: CANTIDAD
C25: ='OFERTA ECONOMICA'!C28 -> 3.3 | D25: ='OFERTA ECONOMICA'!G28 -> SARDINEL FUNDIDO IN-SITU H=0.2M, E=0.2M,CONCRETO DE 3000 PSI | M25: ='OFERTA ECONOMICA'!H28 -> ML | O25: ='OFERTA ECONOMICA'!I28 -> 1206.7273
C26: I. EQUIPO
C29: DESCRIPCIÓN | H29: MARCA | J29: TIPO | L29: TARIFA/HORA | M29: RENDIMIENTO | O29: Vr. UNITARIO
C30: FORMALETA METÁLICA SARDINEL (ML) | J30: D | L30: 437 | M30: 0.1 | O30: =L30/M30 -> 4370
C31: HERRAMIENTA MENOR | J31: GL | L31: 1268.43 | M31: 1 | O31: =L31/M31 -> 1268.43
C33: SUBTOTAL $ | O33: =SUM(O30:O32) -> 5638.43
C34: II. MATERIALES
C37: DESCRIPCIÓN | K37: UNIDAD | L37: CANTIDAD | M37: PRECIO UNIT. | O37: Vr. UNITARIO
C38: CONCRETO 3000 PSI | K38: ML | L38: 0.042 | M38: 456230 | O38: =L38*M38 -> 19161.66
C39: ADITIVOS | K39: LT | L39: 0.03 | M39: 26530 | O39: =L39*M39 -> 795.9
C41: SUBTOTAL $ | O41: =SUM(O38:O40) -> 19957.56
C42: III. TRANSPORTES
C45: MATERIAL | J45: VOL. o PESO | K45: DISTANCIA | L45: M3 o Ton/Km | M45: TARIFA | O45: Vr. UNITARIO
C48: SUBTOTAL $
C49: IV. MANO DE OBRA
C52: TRABAJADOR | J52: JORNAL | K52: PRESTACIONES | L52: JORNAL TOTAL | M52: RENDIMIENTO | O52: Vr. UNITARIO
C53: MANO DE OBRA AA | J53: 190265 | K53: 2 | L53: =J53*K53 -> 380530 | M53: 15 | O53: =L53/M53 -> 25368.667
C57: SUBTOTAL $ | O57: =SUM(O53:O56) -> 25368.667
C59: TOTAL COSTO DIRECTO $ | O59: =ROUND(O57+O48+O41+O33,0) -> 50965
C60: V. COSTOS INDIRECTOS
C63: Descripción | L63: Porcentaje | M63: Valor Total
C64: ADMINISTRACION
C65: IMPREVISTOS
C66: UTILIDAD
C67: SUBTOTAL $
C69: Precio Unitario Total Aproximado al peso $
H73: Firma
H74: Nombre:
H75: Representante Legal del Contratista o su Apoderado
H76: Matricula No. :
C78: OBSERVACIONES INTERVENTORÍA
C82: APROBACIÓN POR INTERVENTORÍA
C83: Nota 1: Cuando se trate de Análisis de precios unitarios correspondientes a ítems de la propuesta económica aprobada, el Interventor aprueba el desglose de los componentes manteniendo el mismo precio unitario de cada ítem, cumpliendo con las especificaciones de construcción vigentes para el proyecto.
C85: Nota 2: Cuando se trate de Análisis de precios unitarios de ítems no previstos, el Interventor aprueba el desglose y precio unitario de cada ítem no previsto, exigiendo la aplicación de los costos correspondientes a insumos y tarifas de la propuesta económica inicial cuando estén contemplados, cumpliendo con las especificaciones de construcción vigente para el proyecto.
H88: Firma
H89: Nombre:
H90: Representante Legal del Interventor o su Apoderado
H91: Matricula No. :
